 Dungeon Crawl Stone Soup version 0.31-a0-523-g071a6c1ffa (webtiles) character file.

Game seed: 10306925361788313244

2 GordonOverkill the Sneak (level 1, 0/11 HPs)
             Began as a Vine Stalker Delver on Aug 10, 2023.
             Slain by a bullfrog (6 damage)
             ... on level 7 of the Dungeon.
             The game lasted 00:00:53 (185 turns).

GordonOverkill the Sneak (Vine Stalker Delver)       Turns: 185, Time: 00:00:54

Health: 0/11       AC:  3    Str: 14    XL:     1   Next: 30%
Magic:  0/2        EV: 11    Int: 10    God:
Gold:   31         SH:  0    Dex: 15    Spells: 0/0 levels left

rFire   . . .        a - +0 mace
rCold   . . .        (no shield)
rNeg    . . .        b - +0 leather armour
rPois   .            (no helmet)
rElec   .            (no cloak)
rCorr   .            (no gloves)
SInv    .            (no boots)
Will    .....        (no amulet)
Stlth   +++          (no ring)
HPRegen 0.21/turn    (no ring)
MPRegen 0.08/turn

%: guardian spirit
@: hasted, very quick
A: fangs 2, magic shield, antimagic bite, no potion heal 2
a: no special abilities


You were on level 7 of the Dungeon.
You visited 2 branches of the dungeon, and saw 4 of its levels.

You collected 31 gold pieces.

Inventory:

Hand Weapons
 a - a +0 mace (weapon)
Armour
 b - a +0 leather armour (worn)
Wands
 g - a wand of digging (3)
Scrolls
 c - a scroll of fog
 d - a scroll of revelation
 e - a scroll of fear
 h - a scroll of identify {unknown}


   Skills:
 - Level 2.6 Fighting
 + Level 2.0 Maces & Flails
 - Level 1.5 Dodging
 - Level 6.0 Stealth


You couldn't memorise any spells.
You didn't know any spells.
Your spell library was empty.

Dungeon Overview and Level Annotations

Branches:
Dungeon (7/15)             Temple (1/1) D:6

Altars:
Ashenzari
Cheibriados
Fedhas
Hepliaklqana
Kikubaaqudgha
Makhleb
Nemelex Xobeh
Okawaru
Qazlal
Sif Muna
Uskayaw
Zin
The Shining One

Annotations:
D:6 Menkaure
Temple 4 transporters


Innate Abilities, Weirdness & Mutations

You have extremely sharp teeth.
When hurt, damage is shared between your health and your magic reserves.
Your bite disrupts and absorbs the magic of your enemies.
Potions cannot restore your health.


Message History

Menkaure seems to speed up.
You climb downwards.
Welcome to the Ecumenical Temple!
Found five altars.
Found a staircase back to the Dungeon.
Found two transporters.
There is a staircase back to the Dungeon here.
Found two transporters.
Found a burning altar of Makhleb and a sparkling altar of Nemelex Xobeh.
Found four altars.
Found a broken altar of Ashenzari.
There is a staircase back to the Dungeon here.
You climb upwards.
Level annotation: Menkaure
There is a staircase to the Ecumenical Temple here.
Found a stone staircase leading up.
Menkaure sighs in an indecipherable tongue.
Menkaure gestures at you while chanting.
Pain shoots through your body!
* * * LOW HITPOINT WARNING * * *
You enter the shallow water.
Moving in this stuff is going to be slow.
Menkaure gestures wildly while chanting.
Menkaure seems to speed up.
A hound comes into view.
There is a stone staircase leading down here.
You climb downwards.
There is a stone staircase leading up here.
You start resting.
HP restored.
Found 14 gold pieces.
Found an escape hatch in the floor.
A bullfrog comes into view.
You see here 14 gold pieces.
A bullfrog is nearby!
You now have 31 gold pieces (gained 14).
The bullfrog gives a loud, deep croak!
The bullfrog hits you.
* * * LOW HITPOINT WARNING * * *
The bullfrog misses you.
You feel yourself speed up. The bullfrog hits you!
Ouch! That really hurt!
You die...

.... ......... .....
#......... ....#
######.........###....#
#....#................
#...##..........>....
...................#
...................#
........##...##.@..##
........##...##..F..####
.............###........
#.....#..............###
#.....#...#..........#
#.....#...#..........#
#.#####...#..........#
..# #####..........# ###
#.....####.#


You could see a bullfrog.

Vanquished Creatures
  An orc (D:5)
1 creature vanquished.

Notes
Turn   | Place    | Note
-------+----------+-------------------------------------------
     0 | D:5      | GordonOverkill the Vine Stalker Delver began the quest for
                  | the Orb.
     0 | D:5      | Reached XP level 1. HP: 11/11 MP: 2/2
    75 | D:6      | Noticed Menkaure
   100 | D:6      | Found a staircase to the Ecumenical Temple.
   109 | Temple   | Found a transporter.
   109 | Temple   | Found a transporter.
   109 | Temple   | Found a transporter.
   109 | Temple   | Found a transporter.
   109 | Temple   | Entered the Ecumenical Temple
   137 | D:6      | Noticed a hound
   179 | D:7      | Noticed a bullfrog
   185 | D:7      | Slain by a bullfrog

Illustrated notes

Levels and vault maps discovered:
D:5:      layout_rooms, nicolae_ru_awakened_eye, nicolae_dithmenos_the_darkroom,
          general_overflow_altar, small_statue_intersection
D:6:      layout_loops_cross, minmay_temple_entry_water_ring, uniq_menkaure
D:7:      layout_basic, mainiacjoe_overflow_alcove_2, kennysheep_generic_room_9
Temple:   hellmonk_temple_divided_pantheon

Skill      XL: |  1 |
---------------+----+-----
Maces & Flails | 2 |  2.0
Fighting       | |  2.6
Dodging        | |  1.5
Stealth        | |  6.0

Action                     || total
---------------------------++-------
  Melee: Mace              ||     3
         Bite              ||     1
    Use: Potion            ||     1
 Armour: Leather armour    ||     1
  Dodge: Dodged            ||     2

Table legend: (Time is in decaauts)
 A = Elapsed time spent in this place.
 B = Non-inter-level travel time spent in this place.
 C = Inter-level travel time spent in this place.
 D = Time resting spent in this place.
 E = Time spent auto-exploring this place.
 F = Levels seen in this place.
 G = Mean time per level.
                   A        B        C        D        E       F      G
               +--------+--------+--------+--------+--------+-----+--------+
         Total |    187 |    178 |      9 |     13 |      0 |   4 |   46.8 |
       Dungeon |    167 |    167 |      0 |     13 |      0 |   3 |   55.7 |
        Temple |     19 |     10 |      9 |      0 |      0 |   1 |   19.0 |
               +--------+--------+--------+--------+--------+-----+--------+

Top non-repeatable levels by time:
     D:6: 75 daAuts
     D:5: 46 daAuts
     D:7: 45 daAuts
  Temple: 19 daAuts
